Cogmind - Beta 15 @@@ ROGUE MODE // 2025.08.10 @ 23:04:06 Player: Cog on my mind Result: Destroyed self with Subdweller Shrapnel Launcher Performance ------------- Evolutions (0) 0 Regions Visited (2) 400 Robots Destroyed (40) 200 Value Destroyed (918) 918 Prototype IDs (13) 260 Alien Tech Used (0) 0 Bonus (0) 0 TOTAL SCORE: 1778 Bonus ------- None Cogmind --------- Core Integrity 0/250 Matter 216/300 Energy 5/100 System Corruption 0% Temperature Warning (335) Movement Core (550) Ox10 Location -10/Subcaves Parts ------- > --- POWER (1) -------- (None) > --- PROPULSION (2) --- (None) > --- UTILITY (2) ------ Large Storage Unit > --- WEAPON (2) ------- Heavy Battle Rifle Subdweller Shrapnel Launcher > --- INVENTORY (15) --- Meta Core Improved Treads Improved Treads Spiked Treads Subdweller Monowheel High-capacity Matter Pod (200) Subdweller Optics Subdweller Optics Hacking Suite Subdweller Laser Subdweller Laser Subdweller Beam Cannon Barrage Gun Light Cannon Peak State ------------ > --- POWER ------------ Subdweller Power Source > --- PROPULSION ------- Improved Treads Spiked Treads > --- UTILITY ---------- Large Storage Unit Shield Generator > --- WEAPON ----------- Barrage Gun Heavy Battle Rifle > --- INVENTORY -------- Meta Core Improved Treads Improved Treads Spiked Treads Subdweller Monowheel High-capacity Matter Pod Subdweller Optics Subdweller Optics Hacking Suite Subdweller Laser Subdweller Laser Subdweller Beam Cannon Light Cannon Subdweller Shrapnel Launcher Subdweller Shrapnel Launcher [Rating: 20] Favorites ----------- Power Ion Engine Engine Ion Engine Propulsion Improved Treads Treads Improved Treads Utility Seismic Detector Device Seismic Detector Storage Large Storage Unit Processor Signal Interpreter Weapon Light Cannon Energy Cannon Subdweller Beam Cannon Ballistic Gun Light Assault Rifle Ballistic Cannon Light Cannon Launcher Subdweller Shrapnel Launcher Special Weapon Mining Laser Build | -11 -10 -10 ------- Run | Yrd Mat Sub Slots Evolved . | . . . Power . | . . . Propulsion . | . . . Utility . | . . . Weapon . | . . . Parts Attached 26 | 7 10 9 Power 3 | 1 1 1 Engine 3 | 1 1 1 Core . | . . . Reactor . | . . . Propulsion 5 | 2 2 1 Treads 5 | 2 2 1 Leg . | . . . Wheel . | . . . Hover . | . . . Flight . | . . . Utility 6 | 2 4 . Device 2 | 1 1 . Storage 3 | 1 2 . Processor 1 | . 1 . Hackware . | . . . Protection . | . . . Artifact . | . . . Weapon 12 | 2 3 7 Energy Gun . | . . . Energy Cannon 1 | . . 1 Ballistic Gun 5 | 2 . 3 Ballistic Cannon 3 | . 2 1 Launcher 2 | . . 2 Special Weapon 1 | . 1 . Impact Weapon . | . . . Slashing Weapon . | . . . Piercing Weapon . | . . . Special Melee Weapon . | . . . Unidentified Prototypes . | . . . Parts Lost 7 | . . 7 Power 1 | . . 1 Propulsion 2 | . . 2 Utility 2 | . . 2 Weapon 2 | . . 2 Highest Loss Streak 5 | . . 5 To Critical Strikes . | . . . Average Backups 11 | 1 9 14 Power . | . . . Propulsion 2 | . 1 3 Utility 2 | . 3 3 Weapon 5 | . 4 7 Tool/Special . | . . . Unused Backups 29 | . 10 19 Power 1 | . 1 . Propulsion 6 | . 1 5 Utility 7 | . 2 5 Weapon 14 | . 6 8 Tool/Special 1 | . . 1 Average Slot Usage (%) 99 | . 100 99 Engine 13 | . 14 13 Treads 27 | . 28 27 Device 13 | . 14 13 Storage 14 | . 14 14 Energy Cannon 1 | . . 3 Ballistic Gun 4 | . 7 1 Ballistic Cannon 19 | . 17 21 Special Weapon 2 | . 2 1 Peak Build Rating 20 | 7 11 20 Average Rating 10 | 5 9 12 On Entrance 6 | . 7 11 Naked Turns . | . . . Heaviest Build 38 | 12 32 38 Greatest Support 46 | 40 46 46 Greatest Overweight (x) . | . . . Average Overweight (x) . | . . . Largest Inventory Capacity 15 | 8 15 15 Average Capacity 12 | 7 11 15 Most Carried 15 | 2 14 15 Average Carried 11 | 1 9 14 Final Capacity 15 | 8 15 15 Final Carried 14 | 2 14 14 Class Distribution -------------------- 100% | Mutant Dominant Class ---------------- Mutant | -10/Materials Mutant | -10/Subcaves Resources | -11 -10 -10 ----------- Run | Yrd Mat Sub Matter Collected 1457 | 278 725 454 Remotely . | . . . Salvage Created 1047 | 82 760 205 Parts 77 | 5 59 13 Haulers Intercepted 2 | . 2 . Recyclers Shooed . | . . . Parts Field Recycled . | . . . Retrieved Matter . | . . . Parts Self-Destructed 4 | . . 4 Prevented . | . . . Kills | -11 -10 -10 ------- Run | Yrd Mat Sub Combat Hostiles Destroyed 28 | . 20 8 Guns 11 | . 10 1 Cannons 14 | . 10 4 AOE 2 | . . 2 Classes Destroyed 10 | 2 7 1 Worker 1 | . 1 . Builder 2 | . 2 . Tunneler 1 | 1 . . Hauler 2 | . 2 . Recycler 2 | 1 1 . Operator 1 | . 1 . Watcher 3 | . 3 . Swarmer 9 | . 9 . Grunt 11 | . 11 . Subdweller 8 | . . 8 Best Kill Streak 4 | 2 4 2 Combat Bots Only 3 | . 3 2 Max Kills in Single Turn 2 | 1 2 1 Gunslinging . | . . . Exploded 1 | . . 1 Melee . | . . . Uniques/NPCs Destroyed . | . . . Combat | -11 -10 -10 -------- Run | Yrd Mat Sub Hostile Shots Fired 132 | . 89 43 Missed 36 | . 26 10 Hits 96 | . 63 33 Projectile 96 | . 63 33 AOE 1 | . . 1 Critical Strikes 3 | . . 3 Damage Taken 1511 | . 614 897 Core 251 | . 104 147 Absorbed by Shields 183 | . 39 144 Core Remaining (%) 100 | 100 . . Volleys Fired 155 | 2 108 45 Largest 2 | 2 2 2 Hottest 110 | 40 100 110 Shots Fired 299 | 4 213 82 Gun 174 | 4 156 14 Cannon 114 | . 54 60 Launcher 3 | . . 3 Special 8 | . 3 5 Kinetic 283 | 4 210 69 Thermal 16 | . 3 13 Explosive . | . . . Electromagnetic . | . . . Robot Hit Streak 15 | 4 15 10 Robot Miss Streak 5 | . 5 2 Penetration Max . | . . . Secondary Targets 2 | . 2 . Max Gunslinging Chain 1 | . 1 . Shots Hit Robots 179 | 4 133 42 Core Hits 62 | 3 45 14 Critical Kills 1 | . . 1 Critical Parts Destroyed 1 | . 1 . Critical Strikes 4 | . 2 2 Meltdown 1 | . . 1 Destroy 1 | . 1 . Blast 2 | . 1 1 Melee Attacks . | . . . Impact . | . . . Slashing . | . . . Piercing . | . . . Sneak Attacks . | . . . Combat Hostiles . | . . . Follow-up Attacks . | . . . Damage Inflicted 2670 | 37 1695 938 Guns 1229 | 37 1017 175 Cannons 1167 | . 677 490 Explosions 273 | . . 273 Melee . | . . . Ramming 1 | . 1 . Kinetic 2476 | 37 1694 745 Thermal 193 | . . 193 Explosive . | . . . Electromagnetic . | . . . Impact . | . . . Slashing . | . . . Piercing . | . . . Highest Corruption . | . . . Average Corruption . | . . . Corruption Purged . | . . . Corruption Blocked . | . . . Overload Shots . | . . . Overflow Damage 50 | . 5 45 Projectiles 5 | . 5 . Explosions 45 | . . 45 Melee . | . . . Knockbacks 10 | . 6 4 Impact 1 | . 1 . Kinetic 8 | . 4 4 Secondary 1 | . 1 . Self-Inflicted Damage 176 | . . 176 Shots 3 | . . 3 Rammed 1 | . 1 . Targets Rammed 1 | . 1 . Kicked . | . . . Crushed . | . . . Highest Temperature 524 | . 60 524 Average Temperature 56 | . 22 148 Received Heat Transfer 1161 | . 261 900 Effects 2 | . . 2 Damage (minor) 1 | . . 1 Damage (major) 1 | . . 1 Siege Activations . | . . . Martial Activations . | . . . Shielding Activations . | . . . Robots Disrupted . | . . . Combat Hostiles . | . . . Robots Corrupted . | . . . Combat Hostiles . | . . . Parts Fried . | . . . Impact Corruptions . | . . . Robots Melted 1 | . . 1 Combat Hostiles 1 | . . 1 Parts Melted 3 | . . 3 Heat Transferred 259 | . . 259 Parts Sabotaged . | . . . Parts Stolen . | . . . Parts Stripped . | . . . Power Chain Reactions . | . . . Alert | -11 -10 -10 ------- Run | Yrd Mat Sub Maximum Alert Level 1 | . 1 . Low Security (%) 94 | 100 94 . Level 1 5 | . 5 . Level 2 . | . . . Level 3 . | . . . Level 4 . | . . . Level 5 . | . . . High Security . | . . . Max Security . | . . . Peak Influence 231 | 10 231 . Initial . | . . . Average 98 | 1 103 . Influence Increases 662 | 10 652 . Destroy 0b10 Robot/C 400 | . 400 . Destroy 0b10 Robot/NC 60 | 10 50 . Destroy Leader 90 | . 90 . Successful Hack 36 | . 36 . Select Force Hacks 60 | . 60 . Disable Machine 15 | . 15 . Destroy Structure 1 | . 1 . Influence Decreases 662 | 10 576 76 Entered New Map 37 | . . 37 Time Decay 625 | 10 576 39 Squads Dispatched 3 | . 3 . Investigation 2 | . 2 . Extermination . | . . . Reinforcement 1 | . 1 . Assault . | . . . Garrison . | . . . Intercept . | . . . Searches Triggered . | . . . Construction Impeded . | . . . Haulers Reinforced . | . . . Active Scanning Responses . | . . . Cargo Convoy Interrupts . | . . . Stealth | -11 -10 -10 --------- Run | Yrd Mat Sub Distress Signals . | . . . Communications Jammed . | . . . Distress Signals . | . . . Times Spotted 47 | . 39 8 Peak Tracking Total 5 | . 5 2 Tactical Retreats . | . . . Traps | -11 -10 -10 ------- Run | Yrd Mat Sub Traps Triggered 1 | . . 1 Indirectly . | . . . Trap Hack Attempts . | . . . Triggered . | . . . Disarmed . | . . . Reprogrammed . | . . . Reused . | . . . Traps Extracted . | . . . Installed . | . . . Triggered . | . . . Machines | -11 -10 -10 ---------- Run | Yrd Mat Sub Machines Disabled 2 | . 1 1 Max in Single Turn 1 | . 1 1 Machines Repaired . | . . . Machines Dismantled . | . . . Machines Sabotaged . | . . . Overloaded Fab Kills . | . . . Hacking | -11 -10 -10 --------- Run | Yrd Mat Sub Machines Accessed 10 | . 8 2 Terminals 6 | . 6 . Fabricators . | . . . Repair Stations . | . . . Recycling Units 2 | . 2 . Scanalyzers . | . . . Garrison Access . | . . . Total Hacks 22 | . 16 6 Successful 17 | . 11 6 Failed 4 | . 4 . Catastrophic . | . . . Database Lockouts 1 | . 1 . Manual 12 | . 12 . Terminals 14 | . 14 . Fabricators . | . . . Repair Stations . | . . . Recycling Units 2 | . 2 . Scanalyzers . | . . . Garrison Access . | . . . Terminal Hacks 13 | . 7 6 Record 5 | . . 5 Robot Analysis 2 | . 2 . Prototype ID Bank 1 | . 1 . Branch Access Points 1 | . 1 . Alert Level 1 | . 1 . Locate Traps 1 | . 1 . Hauler Manifests 1 | . 1 . Proto ID Catalog 1 | . . 1 Fabricator Hacks . | . . . Repair Station Hacks . | . . . Recycling Unit Hacks . | . . . Scanalyzer . | . . . Garrison Access Hacks . | . . . Unauthorized Hacks 4 | . 4 . Terminals 2 | . 2 . Botnet 2 | . 2 . Fabricators . | . . . Repair Stations . | . . . Recycling Units 2 | . 2 . Tunnel 2 | . 2 . Scanalyzers . | . . . Garrison Access . | . . . Data Cores Recovered . | . . . Used . | . . . Hacking Detections 5 | . 5 . Full Trace Events . | . . . Feedback Events . | . . . Feedback Blocked . | . . . Robot Schematics Acquired . | . . . Robots Built . | . . . Authchips . | . . . Time . | . . . Total Robot Build Rating . | . . . Part Schematics Acquired . | . . . Parts Built . | . . . Authchips . | . . . Time . | . . . Total Part Build Rating . | . . . Parts Repaired . | . . . Time . | . . . Parts Recycled . | . . . Recycled Matter . | . . . Retrieved Matter . | . . . Retrieved Components . | . . . Parts Scanalyzed . | . . . Part Schematics Acquired . | . . . Parts Damaged . | . . . Bothacking | -11 -10 -10 ------------ Run | Yrd Mat Sub Used RIF Installer . | . . . Robots Hacked . | . . . Non-combat . | . . . Combat . | . . . Robot Hacks Applied . | . . . Relay Couplers Released . | . . . Fabnet Peak Effective % . | . . . Robots Rewired . | . . . Allies Hacked . | . . . Hacks Repelled . | . . . Allies | -11 -10 -10 -------- Run | Yrd Mat Sub Total Allies . | . . . Largest Group . | . . . Highest-Rated Group . | . . . Highest-Rated Ally . | . . . Total Orders . | . . . Ally Attacks . | . . . Total Damage . | . . . Kills . | . . . Allies Corrupted . | . . . Allies Melted . | . . . Intel | -11 -10 -10 ------- Run | Yrd Mat Sub Active Infowar (turns) 2933 | 61 2339 533 Seismic 2933 | 61 2339 533 Robot Analysis Total 2 | . 2 . Derelict Logs Recovered 1 | . . 1 Drone Launches . | . . . Drone Recoveries . | . . . Exploration | -11 -10 -10 ------------- Run | Yrd Mat Sub Turns Passed 4353 | 112 2382 1859 Spaces Moved 2196 | 58 1105 1033 Core 3 | 3 . . Treads 2193 | 55 1105 1033 Legs . | . . . Wheels . | . . . Hover . | . . . Flight . | . . . Fastest Speed 50 | 50 160 160 Average Speed 159 | 154 160 160 Slowest Speed 160 | 160 160 160 Overloaded Moves . | . . . Propulsion Burnouts . | . . . Robots Hopped . | . . . Potential Cave-ins . | . . . Cave-ins Triggered . | . . . Exploration Rate (%) 54 | 4 99 59 Regions Visited 2 Branch Regions 1 Pre-discovered Areas 2 | . 2 . Known Exits Taken . | . . . Unknown Exits Taken 2 | 1 1 . Scrap Searched 12 | . . 12 Spaces Dug . | . . . Terrain Destroyed 20 | . . 20 Melee . | . . . Projectile . | . . . AOE 20 | . . 20 Terrain Rammed . | . . . Walls Destroyed . | . . . Machines Disabled . | . . . Actions | -11 -10 -10 --------- Run | Yrd Mat Sub Total 2744 | 73 1522 1149 Wait 291 | 5 252 34 Move 2194 | 57 1104 1033 Hop . | . . . Pick Up 39 | 2 25 12 Fast Attach 12 | 7 2 3 Attach 3 | . . 3 Detach . | . . . Swap 17 | . 11 6 Drop 32 | . 19 13 Fire 155 | 2 108 45 Melee . | . . . Ram . | . . . Kick . | . . . Crush 1 | . 1 . Escape Stasis . | . . . Rewire . | . . . Trap . | . . . Miscellaneous . | . . . Route ------- -11/Scrapyard -10/Materials (discovered 5 exits: *Mat x3 / *Min / *Sub) -10/Subcaves (discovered 2 exits: [*Mat] / [*Scr]) History --------- Turn | Location | Event 4 | -11/Scrapyard | Discovered new exit (range 16) 113 | -11/Scrapyard | Entered Materials 321 | -10/Materials | Build established: Mutant 712 | -10/Materials | Discovered new exit (range 7) 927 | -10/Materials | Discovered new exit (range 16) 1127 | -10/Materials | Central database locked down 1156 | -10/Materials | Discovered new exit (range 15) 1639 | -10/Materials | Identified exit to Mines 1737 | -10/Materials | Discovered new exit (range 15) 2048 | -10/Materials | Identified exit to Materials 2481 | -10/Materials | Discovered new exit (range 6) 2495 | -10/Materials | Entered Subcaves 2496 | -10/Subcaves | Approached by a straggling Scientist 2555 | -10/Subcaves | A swath of the cavern ceiling suddenly collapsed 2782 | -10/Subcaves | Scientist uncovered a shortcut to Scraptown 2964 | -10/Subcaves | Disturbed a concealed Subdweller 3031 | -10/Subcaves | Core integrity fell below 50% 3141 | -10/Subcaves | Discovered new exit (range 6) 3244 | -10/Subcaves | Visited 4L-MR0's lab 3279 | -10/Subcaves | Found Meta Core 3634 | -10/Subcaves | Learned Materials trap positions 3756 | -10/Subcaves | Visited Clippyterm 3760 | -10/Subcaves | Learned Research security intel 3760 | -10/Subcaves | Learned Factory garrison access intel 4349 | -10/Subcaves | Ambushed by Subdweller buried in earth 4354 | -10/Subcaves | Destroyed self with Subdweller Shrapnel Launcher Last Messages --------------- 04247_ Dropped Riot Gun. 04247_ Acquired Sub. Laser. 04344_ Critical hit (Meltdown: +280). 04347_ Overheating: Spk. Treads damaged (-37). 04349_ Sub. Power Source destroyed. 04349_ Destroyed Sub. Power Source. 04349_ Imp. Treads destroyed. 04349_ Destroyed Imp. Treads. 04349_ N9-MG8(R) destroyed. 04349_ Shield Generator destroyed. 04350_ D7-LIB(R): "FREEEEDUMB!" 04351_ Destroyed Scrap Shield. 04351_ Sub. Shrapnel Launcher destroyed. 04351_ Destroyed Sub. Shrapnel Launcher. 04351_ Spk. Treads destroyed. 04351_ Destroyed Spk. Treads. 04353_ Overheating: Lrg. Storage Unit damaged (-91). 04354_ Sub. Optics melted. 04354_ TU-YU3(R) destroyed. Map ----- +----------------------------------------------------+ | ##?# ## #???###??????## #???????????? | | ######## #???# ##?????# ##???????????? | | ##????### ###???# #?????# #????????????? | | ######## ##?#### ######?## ##????????#### | | ## ### # # ### #?######## | | ### #### # ## | | # ### | | # ### # ## ### ### ## ## | | ## ####### ######?####### ### | | ## ###???## #??????????###?## | | ####?????# #???????????###?? | | [ % [ #????????## #??????????# ??# | | #### ##?????###?## ## #?### #?## | | ##??## ##?????## ### #?## #?## | | ##????## #??????# ##?# #?## | | #??????# #??????### ##### #??# ### | | #????? #????????### ###????# ##### | | ???? ##??????????# #?#####?#### # | | ## ???###???????##### ### ##### ## | | ?? ???????????## ### ## ##? | | ??# #?????????## ; ; ##?? | | ???# #???????### ### #??? | | ???? #???????# ! # ## ##?# #??? | | ????? ???????# %& #######??## ##??? | | ????? "??????## ]] ###???????###???? | | ?????? "??????## !@ ##????????????? | | ?????? #???##### ; R #????????????? | | ??????? #??## ;; ;; ##????????????? | | ?????????###" #### ### ##?????????????? | | ??????? " #;##### #??????????????? | | ???????# "" #### ##??????????????? | | ???????### "" ## #???????????????? | | ??????????# ## ## #???????????????? | | ?????????????# #### ### #???????????????? | | ?????????? " #??###### #???????????????? | | ????????? " ??????# ##??????????????? | | ?????????? "" #??????# ###????????????? | | ?????????? "" ! ???????# #????????????? | | ???????????? "" ???????## ### #?#########??? | | ?????????????#" ????????###?# ### # ##?? | | ?????????????# ????????????# #?? | | ?????????????#? ????????????# #?? | | ????????????????? #????????????## ### ## ##?? | | ?????????????????????????????????#####?##### #??? | | ????????????????????????????????????????#### #### | | ????????????????????????????????????????# | | ????????????????????????????????????????# ##### | | ????????????????????????????????????????# ##?????? | | ????????????????????????????????????????# #?????? | | ????????????????????????????????????????# ##????? | +----------------------------------------------------+ Best States ------------- Heat Dissipation 25 Energy Generation 15 Energy Capacity 250 Matter Stores 300 Matter Capacity 300 Sight Range 16 Terrain Scan Density 10 Evasion (%) 40 Recoil Reduction 2 Item Schematics ----------------- None Robot Schematics ------------------ None Fabricated ------------ Nothing Repaired ---------- Nothing Alien Tech Used ----------------- None Achievements -------------- None Challenges ------------ None Game ------ Seed RiotSkeletonEdition Manual? 0 Play Time 00:18:56 Cumulative 544.1 hours Start 2025.08.10 @ 22:43:12 End 2025.08.10 @ 23:04:06 Sessions 1 Manual Loads 0 Difficulty Rogue Special Mode None Game No. 118 Rogue 118 Adventurer 0 Explorer 0 Win Type - Total 39 Types 18/2/8/2/1/0/3/3/1/1 Lore% 93 Gallery% 81 Achievement% 83 Wizard Run 0 Options --------- Layout 1 ASCII 0 Keyboard 0 Movement Mouse Keybinds 0 Fullscreen 1 Font 24/Smallcaps Map View 50x35 Zoom Use 0% Tactical HUD 1 Map Filters NONE Filters NONE Steam 1 RUN: 287e4c8e-69a9-4cee-a216-8b8f4338ca5b